 Dungeon Crawl Stone Soup version 0.30.0-3-ga4e48a9924 (webtiles) character file.

Game seed: 9515841984713711699

19707 monsoonserge the Basher (level 12, -5/192 HPs)
             Began as a Troll Berserker on May 7, 2023.
             Was a High Priest of Trog.
             Slain by a fire dragon (7 damage)
             ... on level 13 of the Dungeon.
             The game lasted 00:42:13 (10006 turns).

monsoonserge the Basher (Troll Berserker)          Turns: 10006, Time: 00:42:14

Health: -5/192     AC: 10    Str: 38      XL:     12   Next: 38%
Magic:  0/3        EV:  8    Int:  3      God:    Trog [*****.]
Gold:   596        SH:  0    Dex:  8 (9)  Spells: 11/11 levels left

rFire   + . .        p - +1 giant club (antimagic)
rCold   + . .        (shield currently unavailable)
rNeg    + . .        U - +2 robe {rN+}
rPois   .            (helmet restricted)
rElec   .            X - scarf {rC+ rF+}
rCorr   .            (gloves unavailable)
SInv    .            (boots unavailable)
Will    .....        L - amulet of guardian spirit Stlth
                     z - +4 ring of protection
HPRegen 1.32/turn    O - +6 ring of strength
MPRegen 0.08/turn

%: guardian spirit
@: berserking, constricted, very quick
A: large, unfitting armour, claws 3, regeneration 1, shaggy fur 1, tough skin 1
a: Renounce Religion, Berserk, Trog's Hand, Brothers in Arms


You were on level 13 of the Dungeon.
You worshipped Trog.
Trog was extremely pleased with you.
You visited 2 branches of the dungeon, and saw 14 of its levels.

You collected 766 gold pieces.
You spent 170 gold pieces at shops.

Inventory:

Hand Weapons
 o - the +8 mace "Synirinn" {venom, rF++}
   (You found it on level 2 of the Dungeon)

   rF:        It greatly protects you from fire.
 p - a +1 antimagic giant club (weapon)
 E - the +5 woodcutter's axe
   (You found it on level 5 of the Dungeon)
 G - a +2 heavy sling
 N - a +4 battleaxe of freezing
 R - a +0 shortbow of freezing
Missiles
 b - 21 large rocks
 g - 17 stones
 w - 57 poisoned darts
 B - 5 boomerangs
 P - 7 javelins (quivered)
 V - 3 silver boomerangs
 Y - 3 throwing nets
Armour
 Q - +0 steam dragon scales
 U - a +2 robe of positive energy (worn)
 X - a scarf of resistance (worn)
Jewellery
 z - a +4 ring of protection (left claw)
 L - an amulet of guardian spirit (around neck)
 O - a +6 ring of strength (right claw)
Wands
 u - a wand of light (7)
 y - a wand of roots (4)
 H - a wand of paralysis (15)
 W - a wand of polymorph (5)
Scrolls
 a - 2 scrolls of fear {unknown}
 c - 6 scrolls of teleportation {unknown}
 d - 18 scrolls of identify {unknown}
 h - a scroll of vulnerability {unknown}
 j - a scroll of acquirement {unknown}
 l - a scroll of poison {unknown}
 r - a scroll of enchant weapon {unknown}
 s - 2 scrolls of amnesia {unknown}
 v - 2 scrolls of summoning {unknown}
 A - a scroll of brand weapon {unknown}
 F - 3 scrolls of immolation {unknown}
 I - 3 scrolls of noise {unknown}
 J - 3 scrolls of blinking
 M - 3 scrolls of fog {unknown}
 S - a scroll of enchant armour {unknown}
 T - a scroll of silence {unknown}
Potions
 e - 5 potions of brilliance {unknown}
 f - 3 potions of invisibility {unknown}
 i - a potion of cancellation {unknown}
 k - 8 potions of lignification
 m - 4 potions of magic {unknown}
 n - 9 potions of curing
 q - a potion of flight {unknown}
 t - 4 potions of heal wounds
 x - a potion of resistance {unknown}
 C - a potion of ambrosia {unknown}
 D - 2 potions of haste
 K - a potion of attraction {unknown}


   Skills:
 + Level 10.6 Fighting
 + Level 6.2(9.1) Axes
 + Level 11.1(11.9) Maces & Flails
 + Level 8.5 Dodging
 - Level 1.0 Evocations


You had 11 spell levels left.
You didn't know any spells.
Your spell library was empty.

Dungeon Overview and Level Annotations

Branches:
Dungeon (13/15)            Temple (1/1) D:5            Lair (0/5) D:10
    Orc (0/2) D:10
 Vaults: D:13-14

Altars:
Ru

Shops:
D:1 *   D:2 [   D:4 *   D:6 *   D:9 =   D:10 !   D:12 (

Portals:
Abyss: D:5
Trove: D:11 (give +4 ice dragon scales)


Innate Abilities, Weirdness & Mutations

You are too large for most types of armour.
You have claws for hands.
Your natural rate of healing is unusually fast.
You are covered in fur. (AC +1)
You have tough skin. (AC +1)


Message History

The fire dragon is moderately wounded.
Your troll bites the wolf spider!!
Your troll claws the wolf spider.
Your troll claws the wolf spider!!
The wolf spider hits your troll!!
Your troll dies!
Your troll's corpse disappears in a puff of smoke!
The naga hits you!
* * * LOW HITPOINT WARNING * * *
The naga closely misses you.
Press: ? - help, v - describe, . - travel
Here: a fire dragon (moderately wounded)
The floor, spattered with blood.
You barely miss the fire dragon.
The fire dragon is moderately wounded.
The fire dragon bites you.
* * * LOW HITPOINT WARNING * * *
The fire dragon misses you. The fire dragon tramples you.
* * * LOW HITPOINT WARNING * * *
You hold your ground!
Press: ? - help, v - describe, . - travel
Here: a naga shaped shifter The floor.
You bludgeon the fire dragon!!
The fire dragon is severely wounded.
The naga hits you!
* * * LOW HITPOINT WARNING * * *
The naga grabs you. The naga constricts you.
* * * LOW HITPOINT WARNING * * *
The wolf spider hits you!
* * * LOW HITPOINT WARNING * * *
The wolf spider closely misses you.
Press: ? - help, v - describe, . - travel
Here: a wolf spider (purple smoke, almost dead)
The floor, spattered with blood.
You sock the wolf spider!
You kill the wolf spider!
Trog accepts your kill. The fire dragon bites you!
* * * LOW HITPOINT WARNING * * *
The fire dragon claws you!
You die...

.....#..#...#..#.#.......#.
..#...#....#....#.#.#####.#.
..##...#.........#.........#.
+.#
#...#####'#########+#####.
#). #.##.[# #. #..#§#.#.. #.
##.#.#k# #. ##.#§#N#. #.
+.#.#@# #. ##D#D#(# ##
##J#.#.# ..#.#.#.. #".
#.##.|# ## +# ##


You could see a fire dragon, a death drake, a slime creature and a naga shaped
shifter.

Vanquished Creatures
  A boulder beetle (D:11)
  2 two-headed ogres
  Pikel (D:6)
  7 cyclopes
  A wolf spider (D:13)
  2 unseen horrors
  A cane toad (shapeshifter) (D:9)
  2 gargoyles
  Maggie (D:7)
  A komodo dragon (D:12)
  An unseen horror zombie (D:8)
  4 trolls
  A troll (shapeshifter) (D:12)
  5 slime creatures (D:12)
  2 shadows
  Sigmund (D:5)
  2 vampires
  Grum (D:10)
  16 yaks
  2 wraiths
  A wyvern (D:11)
  2 steam dragons (D:8)
  A water moccasin (D:8)
  An acid dragon (D:11)
  A small abomination (D:5)
  Duvessa (D:6)
  7 orc warriors
  2 ice beasts
  A black bear (D:7)
  An ogre (D:7)
  4 wolves (D:10)
  A centaur (D:10)
  4 lemures (D:6)
  A phantom (D:6)
  4 kobold brigands
  4 bullfrogs
  A wyvern zombie (D:8)
  2 gnoll sergeants
  A scorpion (D:4)
  15 wights
  Dowan (D:6)
  14 killer bees
  A howler monkey (D:12)
  A centaur zombie (D:8)
  5 hounds
  A gnoll bouda (D:5)
  7 orc priests
  Ijyb (D:3)
  17 orc wizards
  A sleepcap (D:5)
  2 iguanas
  2 killer bee zombies (D:8)
  The ghost of persistantfolly the Sneak, a weakling HuDe (D:5)
  A howler monkey zombie (D:8)
  Robin (D:3)
  24 gnolls
  6 adders
  3 white imps
  An ufetubus (D:5)
  2 worms
  3 dart slugs
  49 orcs
  9 ball pythons
  10 endoplasms
  2 giant cockroaches
  16 goblins
  9 hobgoblins
  6 jackals
  27 kobolds
  2 quokkas
  6 bats
  4 frilled lizards
  6 rats
350 creatures vanquished.

Vanquished Creatures (collateral kills)
  2 centaur warriors (D:13)
  A slime creature (D:13)
  A centaur (D:13)
4 creatures vanquished.

Vanquished Creatures (others)
  A human (D:13)
1 creature vanquished.

Grand Total: 355 creatures vanquished

Notes
Turn   | Place    | Note
-------+----------+-------------------------------------------
     0 | D:1      | monsoonserge the Troll Berserker began the quest for the
                  | Orb.
     0 | D:1      | Reached XP level 1. HP: 22/22 MP: 0/0
   107 | D:1      | Reached XP level 2. HP: 29/29 MP: 1/1
   198 | D:1      | Reached skill level 3 in Maces & Flails
   402 | D:1      | Reached XP level 3. HP: 29/36 MP: 2/2
   402 | D:1      | Reached ** piety under Trog
   422 | D:1      | Found Buqenku's Assorted Antiques.
   848 | D:2      | Identified the +8 mace "Synirinn" {venom, rF++}
   909 | D:2      | Found Ysaek Zos's Armour Emporium.
  1356 | D:2      | Reached XP level 4. HP: 38/44 MP: 3/3
  1450 | D:3      | Identified the +2 helmet of Compression {-Tele Slay+5 SInv}
  1450 | D:3      | Noticed Robin
  1463 | D:3      | Killed Robin
  1476 | D:3      | Reached skill level 4 in Maces & Flails
  1476 | D:3      | Reached XP level 5. HP: 53/53 MP: 4/4
  1654 | D:3      | Reached *** piety under Trog
  1816 | D:3      | Noticed Ijyb
  1824 | D:3      | Killed Ijyb
  2234 | D:4      | Reached XP level 6. HP: 61/61 MP: 5/5
  2313 | D:4      | Found Icvyhol's Assorted Antiques.
  2426 | D:4      | Reached skill level 5 in Maces & Flails
  2526 | D:4      | Reached skill level 1 in Evocations
  2759 | D:5      | Entered Level 5 of the Dungeon
  2791 | D:6      | Noticed Duvessa
  2798 | D:6      | Killed Duvessa
  2799 | D:6      | Reached XP level 7. HP: 30/68 MP: 6/6
  2800 | D:6      | Noticed Dowan
  2805 | D:6      | Killed Dowan
  2862 | D:6      | Reached skill level 6 in Maces & Flails
  2914 | D:5      | Found a transporter.
  2975 | D:5      | Found a transporter.
  2980 | D:5      | Reached **** piety under Trog
  3013 | D:5      | Noticed Sigmund
  3018 | D:5      | Found a staircase to the Ecumenical Temple.
  3020 | D:5      | Killed Sigmund
  3032 | Temple   | Entered the Ecumenical Temple
  3401 | D:5      | Noticed persistantfolly's ghost (weakling HuDe)
  3445 | D:5      | Reached XP level 8. HP: 50/78 MP: 7/7
  3452 | D:5      | Reached skill level 7 in Maces & Flails
  3464 | D:5      | Found the +5 woodcutter's axe
  3596 | D:5      | Found a one-way gate to the infinite horrors of the Abyss.
  3636 | D:5      | Killed persistantfolly's ghost
  3869 | D:6      | Reached skill level 5 in Fighting
  3979 | D:6      | Noticed Pikel
  3995 | D:6      | Killed Pikel
  3996 | D:6      | Reached skill level 1 in Axes
  3996 | D:6      | Reached skill level 8 in Maces & Flails
  3996 | D:6      | Reached skill level 5 in Dodging
  3996 | D:6      | Reached XP level 9. HP: 15/88 MP: 8/8
  4125 | D:6      | Found a sacrificial altar of Ru.
  4232 | D:6      | Found Vayky's General Store.
  4250 | D:6      | Bought a scroll of blinking for 82 gold pieces
  4250 | D:6      | Bought a potion of lignification for 33 gold pieces
  4450 | D:7      | Reached ***** piety under Trog
  5035 | D:7      | Noticed Maggie
  5046 | D:7      | Killed Maggie
  5271 | D:8      | Noticed a troll
  5282 | D:8      | Killed a troll
  5283 | D:8      | Reached XP level 10. HP: 92/102 MP: 6/9
  5399 | D:8      | Noticed a gargoyle
  5405 | D:8      | Killed a gargoyle
  5921 | D:8      | Reached skill level 5 in Axes
  6039 | D:8      | Received a gift from Trog
  6377 | D:9      | Noticed a cane toad
  6390 | D:9      | Killed a cane toad
  6599 | D:9      | Found Urovuw's Jewellery Shop.
  7283 | D:10     | Entered Level 10 of the Dungeon
  7283 | D:10     | Found Ishrot Ta Def's Distillery.
  7326 | D:10     | Bought a potion of heal wounds for 55 gold pieces
  7344 | D:10     | Noticed Grum
  7352 | D:10     | Reached XP level 11. HP: 106/115 MP: 7/10
  7360 | D:10     | Killed Grum
  7418 | D:10     | Found a staircase to the Lair.
  7494 | D:10     | Found a staircase to the Orcish Mines.
  7714 | D:10     | Noticed a two-headed ogre
  7721 | D:10     | Killed a two-headed ogre
  8014 | D:11     | Found a portal to a secret trove of treasure.
  8016 | D:11     | Noticed a boulder beetle
  8023 | D:11     | Killed a boulder beetle
  8200 | D:11     | Reached skill level 9 in Maces & Flails
  8303 | D:11     | Reached skill level 10 in Fighting
  8838 | D:12     | Noticed a two-headed ogre
  8848 | D:12     | Killed a two-headed ogre
  8985 | D:12     | Reached skill level 10 in Maces & Flails
  8985 | D:12     | Reached XP level 12. HP: 126/126 MP: 11/11
  9098 | D:12     | Found Paseis's Antique Weapon Emporium.
  9496 | D:12     | Received a gift from Trog
  9899 | D:13     | Noticed a centaur warrior
  9899 | D:13     | Noticed a centaur warrior
  9922 | D:13     | Killed a centaur warrior
  9943 | D:13     | Killed a centaur warrior
  9944 | D:13     | Reached skill level 11 in Maces & Flails
  9995 | D:13     | Noticed a fire dragon
  9998 | D:13     | Found the amulet of the Air {Inacc Air Fly rElec RMsl}
 10006 | D:13     | HP: 2/192 [fire dragon (10)]
 10006 | D:13     | Slain by a fire dragon

Illustrated notes

Levels and vault maps discovered:
D:1:      dpeg_arrival_snail, layout_loops_ring, serial_shops,
          nicolae_shop_advertising_works [nicolae_subvault_shop_adworks]
D:2:      layout_basic, serial_shops, nicolae_shop_hallway_plus
D:3:      layout_loops_ring, uniq_robin, uniq_ijyb
D:4:      minmay_general_purpose_star, layout_loops_ring, serial_shops,
          kennysheep_little_box
D:5:      layout_loops_ring, minmay_temple_entry_slanted,
          gammafunk_ghost_abyssal_escape, pf_guarded_unrand_woodcutter,
          uniq_sigmund
D:6:      layout_basic, nicolae_ru_great_annihilating_truth, serial_shops, shop,
          hangedman_decor_push, uniq_duvessa, uniq_pikel
D:7:      layout_loops_ring, minmay_misc_feat_doors, lightli_orcish_oven,
          uniq_maggie
D:8:      layout_rooms, serial_undead, serial_undead_f, serial_undead_a,
          serial_undead_d, serial_undead_a, serial_undead_c, serial_undead_c,
          corner_web_ring, hangedman_decor_riveting,
          nicolae_concentric_dashed_squares_wild, reono_crystal_passage
D:9:      layout_grid_maze, serial_shops, shop, kennysheep_doodads
D:10:     layout_rooms, lair_entry_dummy, orc_0_dummy, serial_shops,
          nicolae_shop_tiny_glass, uniq_grum
D:11:     layout_loops_ring, nicolae_trove_entry_free_sample
D:12:     layout_irregular_city, serial_shops, kennysheep_mini
D:13:     minmay_the_grid_4x2 [minmay_the_grid_holed_spiral,
          minmay_the_grid_minigrid_small_alt, minmay_the_grid_minigrid_small,
          minmay_the_grid_pillar_ring, minmay_the_grid_fan,
          minmay_the_grid_broken_lines, minmay_the_grid_all_tris,
          minmay_the_grid_prize_four_corners_diamond_b], layout_rooms,
          ximxim_vaults_locker_room
Temple:   mainiacjoe_temple_circle_huts

Skill      XL: |  1  2  3  4  5  6  7  8  9 10 11 12 |
---------------+-------------------------------------+-----
Maces & Flails | 3 4 5 6 8 10 11 | 11.1
Dodging        | 3 4 5 6 7 8 |  8.5
Fighting       | 3 4 5 7 9 10 | 10.6
Evocations     | 1 |  1.0
Axes           | 1 4 5 6 |  6.2

Action                     |  1- 3 |  4- 6 |  7- 9 | 10-12 || total
---------------------------+-------+-------+-------+-------++-------
  Melee: Mace              |   105 |   129 |    59 |       ||   293
         Punch             |       |       |     2 |       ||     2
         Battleaxe         |       |       |   182 |   236 ||   418
         Giant spiked club |       |       |       |   191 ||   191
         Giant club        |       |       |       |    18 ||    18
  Throw: Boomerang         |       |       |       |     1 ||     1
 Invoke: Berserk           |       |     3 |     3 |     6 ||    12
         Trog's Hand       |       |     1 |       |       ||     1
         Brothers in Arms  |       |       |       |     2 ||     2
    Use: Potion            |       |       |       |     1 ||     1
   Stab: Sleeping          |     1 |     1 |     1 |       ||     3
         Paralysed         |       |       |     1 |       ||     1
 Armour: Animal skin       |    37 |    40 |    96 |    21 ||   194
         Steam dragon scal |       |       |       |    58 ||    58
         Robe              |       |       |       |   114 ||   114
  Dodge: Dodged            |    81 |    65 |   130 |   258 ||   534
